 Dungeon Crawl Stone Soup version 0.25.1-2-g60ff931df9 (webtiles) character file.

Game seed: 16158548989628674631

189 hawla the Chopper (level 5, -4/47 HPs)
             Began as a Minotaur Berserker on Oct 7, 2020.
             Was a Believer of Trog.
             Slain by a gnoll
             ... wielding a +2 halberd of freezing
              (9 damage)
             ... on level 3 of the Dungeon on Oct 8, 2020.
             The game lasted 00:05:55 (2781 turns).

hawla the Chopper (Minotaur Berserker)              Turns: 2781, Time: 00:05:55

Health: -4/47      AC:  7    Str: 21 (23) XL:     5   Next: 40%
Magic:  4/4        EV: 11    Int:  1 (4)  God:    Trog [**....]
Gold:   130        SH:  0    Dex:  3 (5)  Spells: 4/4 levels left

rFire    . . .     SeeInvis .   a - +1 hand axe
rCold    . . .     Gourm    .   (no shield)
rNeg     . . .     Faith    .   p - +0 ring mail
rPois    .         Spirit   .   (helmet restricted)
rElec    .         Reflect  .   (no cloak)
rCorr    .         Harm     .   r - +1 pair of gloves
MR       .....                  (no boots)
Stlth    ..........             (no amulet)
HPRegen  0.15/turn              o - -4 ring of dexterity (curse)
MPRegen  0.09/turn              (no ring)

@: hasted, very quick
A: retaliatory headbutt, horns 2
a: Berserk, Trog's Hand, Renounce Religion


You were on level 3 of the Dungeon.
You worshipped Trog.
Trog was pleased with you.
You were not hungry.

You visited 1 branch of the dungeon, and saw 3 of its levels.

You collected 130 gold pieces.

Inventory:

Hand Weapons
 a - a +1 hand axe (weapon)
Armour
 p - a +0 ring mail (worn)
 r - a +1 pair of gloves (worn)
 t - a +0 chain mail
Jewellery
 o - a cursed -4 ring of dexterity (left hand)
Scrolls
 g - 2 scrolls of identify
Potions
 d - a potion of haste
 i - 2 potions of might
 n - a potion of magic
 q - a potion of invisibility
Comestibles
 b - 12 chunks of flesh
 c - 7 rations


   Skills:
 + Level 4.8 Fighting
 + Level 5.5 Axes
 + Level 2.9 Armour
 * Level 3.7 Dodging


You had 4 spell levels left.
You didn't know any spells.
Your spell library was empty.

Dungeon Overview and Level Annotations

Branches:
Dungeon (3/15)

Altars:
Hepliaklqana
Nemelex Xobeh
Zin


Innate Abilities, Weirdness & Mutations

You reflexively headbutt those who attack you in melee.
You have a pair of horns on your head.


Message History

* * * LOW HITPOINT WARNING * * *
You hit the gnoll. You headbutt the gnoll.
The gnoll is almost dead.
You closely miss the gnoll. The gnoll hits you but does no damage.
The gnoll hits you with a +2 halberd of freezing.
* * * LOW HITPOINT WARNING * * *
The gnoll freezes you.
* * * LOW HITPOINT WARNING * * *
It was a potion of haste.
You feel yourself speed up. The gnoll hits you with a +0 club.
* * * LOW HITPOINT WARNING * * *
It was a potion of degeneration.
There was something very wrong with that liquid.
You feel weakened.
You feel dopey.
You feel clumsy. The gnoll closely misses you. You furiously retaliate!
You headbutt the gnoll. The gnoll hits you with a +0 club.
* * * LOW HITPOINT WARNING * * *
It was a potion of magic.
Magic courses through your body.
The gnoll hits you with a +2 halberd of freezing!
You die...

********* ,,,,,,,,***###*
........,,,,..*
........#####.######**
.........#.........,,### ********
.........#..#...[.#,...# *,,,,,,,
..........#.#.....#....* *,,,,,,,
..........#...#g...##..#**,,,,,,,
...........#..#.@g......,,,,,,,,,
...........#...........#**,,,,,,,
............#.?.......##*,,,,,,,,
.##..###....#....##....#,,*******
.###....................,**
.....#......#.##...##.##********
#.......#.......##....# *,,,,,*
..................##..# *,,,,,*
.......#............##* *,,,,,*


You could see 2 gnolls.

Vanquished Creatures
  A centaur (D:2)
  A gnoll (D:3)
  5 adders (D:2)
  A leopard gecko (D:2)
  An orc (D:3)
  A ball python (D:3)
  4 bats
  4 giant cockroaches
  2 goblins
  7 hobgoblins
  7 jackals
  2 quokkas
  4 frilled lizards
  5 kobolds
  10 rats
  A bush (D:2)
56 creatures vanquished.

Notes
Turn   | Place    | Note
-------+----------+-------------------------------------------
     0 | D:1      | hawla the Minotaur Berserker began the quest for the Orb.
     0 | D:1      | Reached XP level 1. HP: 19/19 MP: 0/0
   400 | D:1      | Reached skill level 4 in Axes
   400 | D:1      | Reached XP level 2. HP: 25/27 MP: 1/1
   413 | D:1      | You fall into a shaft and drop 1 floor!
   642 | D:2      | Reached XP level 3. HP: 31/33 MP: 2/2
   915 | D:2      | Found a glowing silver altar of Zin.
   915 | D:2      | Found a hazy altar of Hepliaklqana.
   982 | D:2      | Noticed a centaur
   989 | D:2      | Killed a centaur
   989 | D:2      | Reached skill level 5 in Axes
   989 | D:2      | Reached XP level 4. HP: 14/41 MP: 3/3
   989 | D:2      | Reached XP level 5. HP: 16/47 MP: 4/4
  1252 | D:2      | Reached ** piety under Trog
  1266 | D:2      | Found a sparkling altar of Nemelex Xobeh.
  2781 | D:3      | Slain by a gnoll

Illustrated notes

Levels and vault maps discovered:
D:1:      dpeg_arrival_connections, layout_basic, chequers_serial_rivers_large_b
D:2:      layout_rooms, nemelex_xobeh_ov_fountains_minmay,
          gammafunk_temple_overflow_elements, serial_forest,
          infiniplex_forest_clump_tiny, infiniplex_forest_lined_3,
          infiniplex_forest_straight_1, infiniplex_forest_join,
          infiniplex_forest_lined_room_2, infiniplex_forest_lined_room_3,
          infiniplex_forest_lined_2, infiniplex_forest_zigzag_1, first_ration
D:3:      layout_rooms, hangedman_decor_peaks_small

Skill      XL: |  1  2  3 |
---------------+----------+-----
Axes           | 4 5 |  5.5
Fighting       | 4 |  4.8
Dodging        | 3 |  3.7
Armour         | |  2.9

Action                   |  1- 3 |  4- 6 || total
-------------------------+-------+-------++-------
Melee: Hand axe          |    66 |   109 ||   175
       Headbutt          |     6 |    22 ||    28
  Use: Potion            |     1 |     3 ||     4
       Scroll            |       |     8 ||     8
 Stab: Invisible         |     2 |       ||     2
  Eat: Chunk             |       |     6 ||     6
Armor: Animal skin       |     9 |     5 ||    14
       Ring mail         |       |    11 ||    11
       Leather armour    |       |     2 ||     2
Dodge: Dodged            |    62 |    44 ||   106
